Map: Rifts to Korhal

Players

NamroodTuo

  • Race: Zerg Zerg

Zarkwerk

  • Race: Zerg Zerg
  • Spawn Location: 7:00

VOD

Have the link to the VOD?

Description

Time

  • Played on: May 19, 2023, 9:23 a.m.
  • Length: 23:28
Show
View Real Time Build Order
Export as new Build Order

NamroodTuo Zerg 

Build Orders:  

Get SALT Encoding   

  12  0:19  Infested Barracks  
  12  0:25  Infested SCV  
  13  0:33  Infested SCV  
  13  0:39  Infested SCV  
  15  0:52  Overlord  
  15  1:18  Infested SCV  
  16  1:23  Infestation Level 1  
  16  1:26  Infested SCV  
  17  1:31  Infested SCV  
  17  1:39  Infested SCV  
  19  1:50  Infested SCV  
  19  1:51  Infested Refinery  
  19  1:54  Infested SCV  
  21  2:10  Overlord  
  21  2:27  Infested SCV  
  22  2:42  Infested SCV  
  23  2:55  Infested Bunker  
  23  2:57  Infested SCV  
  28  3:23  Anaerobic Enhancement  
  28  3:37  Infested Refinery  
  28  3:51  Overlord x2  
  28  3:52  Infested SCV  
  28  3:58  Infested Marine  
  28  3:59  Infested Marine  
  31  4:17  Infested Bunker  
  34  4:59  Infested Barracks Tech Lab  
  34  5:01  Infested SCV x3  
  34  5:02  Infested SCV  
  34  5:09  Infested Engineering Bay  
  38  5:10  Infested SCV  
  39  5:35  Retinal Augmentation  
  38  6:06  Infested Bunker  
  42  6:12  Unknown  
  41  6:39  Plagued Munitions  
  41  6:47  Infested SCV x2  
  41  6:48  Infested SCV  
  44  6:55  Infested Factory  
  43  7:17  Overlord x3  
  43  7:44  Stukov Infantry Weapons Level 1  
  43  7:45  Infested Command Center  
  43  8:20  Infestation Level 2  
  43  8:29  Infested Factory Tech Lab  
  47  9:34  Infested SCV x3  
  50  9:42  Infested Bunker  
  50  9:43  Infested Bunker  
  54  9:58  Overseer x2  
  54  9:59  Overseer x3  
  54  10:21  Infested Armory  
  54  10:23  Stukov Infantry Armor Level 1  
  54  10:30  Infested Missile Turret  
  54  10:34  Infested Siege Tank  
  55  11:20  Infested Refinery  
  55  11:21  Infested SCV  
  55  11:22  Infested SCV x4, Infested Refinery  
  60  11:42  Infested Siege Tank  
  59  12:09  Infested Marine x7  
  66  12:10  Infested Marine x13  
  66  12:14  Infested SCV x2  
  66  12:15  Infested SCV  
  66  12:16  Aggressive Incubation  
  82  12:23  Infested Barracks  
  82  12:41  Infested Marine x4  
  86  12:52  Overlord x5  
  81  13:03  Regenerative Plating  
  77  13:19  Automated Mitosis  
  77  13:24  Broodling Gestation  
  75  13:40  Infested SCV x3  
  75  13:42  Infested SCV x2  
  77  14:03  Stukov Infantry Weapons Level 2  
  77  14:05  Infested Siege Tank  
  77  14:06  Infested Siege Tank  
  75  14:19  Acidic Enzymes  
  75  14:37  Stukov Vehicle and Ship Armor Level 1  
  73  15:40  Infested Siege Tank x3  
  82  15:55  Caustic Mucus  
  82  15:58  Infested SCV  
  82  15:59  Infested SCV x4  
  87  16:04  Overlord  
  87  16:05  Overlord x4  
  87  16:13  Infestation Level 3  
  87  17:13  Calcified Armor  
  87  17:16  Stukov Vehicle and Ship Weapons Level 1  
  87  17:27  Infested Colonist Compound  
  81  17:39  Infested SCV  
  82  17:40  Infested SCV x4  
  102  18:02  Infested Bunker  
  102  18:06  Infested Bunker x2  
  102  18:11  Infested Bunker  
  102  18:13  Stukov Infantry Armor Level 2  
  102  18:17  Infested Marine  
  102  18:18  Infested Marine x18  
  102  18:19  Infested Marine x21  
  142  18:27  Overlord x4  
  142  18:28  Overlord  
  134  19:28  Infested Bunker x3  
  146  19:31  Infested Missile Turret  
  146  19:44  Infested Marine x3  
  146  19:45  Infested Marine x24  
  146  19:46  Infested Marine x2  
  175  19:56  Stukov Vehicle and Ship Armor Level 2  
  175  19:59  Infested Missile Turret  
  134  20:27  Overseer  
  134  20:28  Overseer x4  
  134  20:29  Infested Missile Turret  
  134  20:31  Infested Siege Tank x2  
  134  20:34  Infested Siege Tank  
  136  21:34  Infested Bunker  
  136  21:40  Infested Bunker  
  136  21:44  Infested Bunker  
  139  21:53  Infested Bunker  
  123  23:00  Infested Marine  
  123  23:01  Infested Marine x17  
  123  23:02  Infested Marine x12  
  123  23:03  Infested Marine  
  123  23:04  Infested Marine x9  
Show
View Real Time Build Order
Export as new Build Order

Zarkwerk Zerg 

Build Orders:  

Get SALT Encoding   

  12  0:03  Drone  
  13  0:18  Drone  
  14  0:27  Overlord  
  14  0:50  Spawning Pool  
  14  0:52  Drone  
  14  0:58  Drone  
  15  1:04  Drone  
  16  1:10  Drone  
  17  1:23  Extractor  
  17  1:29  Drone, Evolution Chamber  
  16  1:37  Drone  
  17  2:07  Drone  
  17  2:09  Queen  
  20  2:12  Overlord  
  20  2:18  Drone  
  21  2:50  Extractor  
  20  3:03  Hatchery  
  19  3:19  Heroic Fortitude  
  19  3:24  Drone x4  
  23  3:45  Lair  
  23  3:52  Evolution Chamber  
  22  4:35  Zerg Ground Armor Level 1  
  22  4:40  Metabolic Boost  
  22  4:45  Zerg Melee Weapons Level 1  
  22  4:48  Drone x6  
  28  5:12  Queen  
  28  5:13  Queen  
  32  5:50  Drone x4  
  32  5:55  Chain Reaction  
  36  6:05  Hatchery  
  35  6:21  Drone  
  35  6:23  Overlord x2  
  36  7:15  Hive  
  36  7:23  Hydralisk Den  
  36  7:27  Hydralisk Den  
  34  7:33  Nydus Network  
  33  7:40  Drone x8  
  41  8:10  Ancillary Carapace  
  41  8:11  Muscular Augments  
  41  8:17  Overlord  
  41  8:36  Hydralisk x3  
  47  8:55  Ability Efficiency  
  47  9:01  Zerg Melee Weapons Level 2  
  47  9:32  Spine Crawler  
  47  9:33  Spine Crawler  
  47  9:34  Spine Crawler  
  44  9:40  Spine Crawler x2  
  36  10:00  Overseer x2  
  36  10:18  Drone  
  36  10:19  Drone x3  
  40  10:26  Hatchery  
  40  10:28  Extractor  
  38  10:31  Extractor  
  37  10:45  Omega Worm  
  37  10:59  Unknown  
  37  11:02  Zerg Melee Weapons Level 3  
  37  11:03  Zerg Ground Armor Level 2  
  37  11:18  Drone  
  37  11:19  Drone x8  
  46  11:46  Omega Worm  
  46  12:00  Drone  
  46  12:01  Drone x10  
  57  12:17  Frenzy  
  57  12:30  Nydus Network  
  57  12:38  Zerg Missile Weapons Level 1  
  56  13:00  Nydus Network  
  56  13:04  Nydus Network  
  56  13:08  Drone x5  
  56  13:09  Drone x4  
  80  13:10  Drone x3  
  66  13:53  Overlord x3  
  66  13:54  Overlord x2  
  66  13:55  Overlord x2  
  66  13:56  Hydralisk  
  66  13:57  Hydralisk x2  
  104  15:04  Hydralisk  
  104  15:05  Hydralisk x15  
  114  15:25  Hydralisk x5  
  114  15:37  Omega Worm  
  114  16:01  Nydus Network  
  114  16:03  Nydus Network  
  114  16:09  Ultralisk Cavern  
  111  16:14  Ultralisk Cavern  
  110  16:21  Zerg Missile Weapons Level 2  
  110  16:35  Omega Worm  
  108  16:45  Omega Worm  
  100  16:53  Omega Worm  
  94  17:13  Burrow Charge, Tissue Assimilation  
  94  17:22  Adrenal Overload  
  94  17:29  Omega Worm  
  70  17:43  Overlord x3, Chitinous Plating  
  70  17:44  Overlord x3  
  70  17:45  Overlord  
  70  17:52  Shredding Claws  
  70  18:09  Zergling x12  
  76  18:10  Zergling x48  
  76  18:11  Zergling x2  
  101  18:20  Zergling x21  
  101  18:21  Zergling x20  
  101  18:22  Zergling x15  
  101  18:23  Zergling x15  
  101  18:24  Zergling x12  
  101  18:25  Zergling x16  
  101  18:26  Zergling x2  
  101  18:27  Zergling x3  
  101  18:29  Zergling x4  
  101  18:30  Zergling x4  
  101  18:31  Zergling  
  101  18:33  Zergling  
  101  18:35  Zergling x3  
  101  18:37  Hardened Carapace  
  101  18:40  Zergling  
  101  18:42  Omega Worm x2  
  80  18:54  Omega Worm  
  71  19:00  Ultralisk  
  71  19:01  Ultralisk x4  
  71  19:04  Ultralisk  
  107  19:17  Lair  
  107  19:21  Zergling  
  107  19:41  Omega Worm  
  107  19:42  Omega Worm  
  107  19:48  Zergling  
  107  19:50  Zergling x2  
  107  19:52  Omega Worm  
  107  20:01  Ultralisk x2  
  107  20:03  Zergling x16  
  107  20:04  Zergling x8  
  107  20:06  Ultralisk  
  131  20:10  Zergling, Omega Worm  
  131  20:11  Zergling x8, Omega Worm  
  131  20:12  Zergling x12  
  131  20:13  Zergling x6  
  131  20:14  Zergling x7  
  131  20:15  Zergling x4  
  118  20:25  Zergling x6  
  118  20:26  Zergling x6  
  118  20:27  Zergling x5  
  118  20:28  Zergling x5  
  118  20:29  Zergling x10  
  116  20:30  Zergling x4, Omega Worm  
  116  20:31  Zergling x9  
  116  20:32  Zergling x3  
  116  20:48  Omega Worm  
  113  20:54  Omega Worm  
  113  20:59  Zergling  
  127  21:00  Zergling x13  
  113  21:01  Zergling x6, Omega Worm  
  113  21:02  Zergling x5  
  113  21:03  Zergling x10  
  113  21:04  Zergling  
  113  21:05  Zergling x6  
  113  21:14  Zergling x5  
  113  21:15  Zergling x7  
  113  21:21  Ultralisk x2  
  113  21:22  Ultralisk, Omega Worm  
  131  21:30  Ultralisk x2  
  131  21:35  Zergling x3  
  131  21:37  Omega Worm  
  143  21:46  Zergling x2  
  143  21:47  Zergling x6  
  143  21:48  Zergling x22  
  143  21:49  Zergling x11  
  132  21:50  Zergling x10  
  155  21:51  Zergling x4  
  155  21:52  Zergling x2, Ultralisk  
  155  21:53  Zergling x7  
  155  21:54  Zergling x3  
  155  21:55  Zergling x2  
  156  22:03  Omega Worm  
  156  22:08  Zergling x12  
  156  22:09  Zergling x18  
  134  22:10  Zergling x3  
  156  22:11  Zergling x16  
  156  22:12  Zergling x8  
  156  22:13  Zergling x4  
  156  22:14  Zergling x15  
  156  22:15  Zergling x6  
  156  22:16  Zergling x10  
  156  22:17  Zergling x5, Omega Worm  
  156  22:18  Zergling x4  
  156  22:19  Zergling  
  156  22:20  Zergling  
  156  22:22  Zergling  
  156  22:23  Zergling x2  
  156  22:24  Zergling x3  
  156  22:25  Zergling x3  
  156  22:26  Zergling  
  156  22:27  Zergling x7, Omega Worm  
  156  22:28  Zergling x10, Omega Worm  
  156  22:29  Zergling x2, Omega Worm  
  136  22:30  Zergling x5  
  156  22:31  Zergling x3  
  156  22:32  Zergling x9  
  156  22:34  Zergling x9  
  156  22:36  Zergling x9  
  156  22:37  Zergling x2  
  156  22:39  Zergling  
  160  22:41  Zergling x6  
  160  22:44  Omega Worm  
  160  22:45  Zergling  
  160  22:48  Zergling x3  
  160  22:49  Zergling x3  
  172  22:50  Zergling x2  
  172  22:52  Zergling x6  
  172  22:53  Zergling x6  
  172  22:54  Zergling  
  173  23:14  Omega Worm  
Tags
 
Matchup
Co-op
Replay Pack
Multiplayer
Add a new tag
Caveats
  • Supply blocks, unpowered buildings, or Contaminate may cause inaccurate times.
  • Supply counts are checked every 10 seconds.